[ AOE2 MATCH · #474126427 ]
UnrankedMalay vs Huns
[ REPLAY ANALYSIS · EXTRACTED FROM THE RECORDED GAME ]
Feudal
14:46
Castle
20:41
Imperial
33:12
| APM avg | 15.9 |
| APM peak | 53 |
| eAPM avg | 10.9 |
| Villagers / military | 98 / 62 |
Focus
⚔️ 26.0% · 🌾 74.0%
Spearman ×33 · Militia ×19 · Karambit Warrior ×5 · Skirmisher ×3 · Trebuchet (Packed) ×2
Feudal
13:00
Castle
16:30
Imperial
31:33
| APM avg | 38.8 |
| APM peak | 69 |
| eAPM avg | 28.7 |
| Villagers / military | 263 / 159 |
Focus
⚔️ 35.0% · 🌾 65.0%
Eagle Scout ×92 · Spearman ×60 · Plumed Archer ×4 · Monk ×2 · Battering Ram ×1
Feudal
13:12
Castle
16:56
Imperial
31:12
| APM avg | 32.9 |
| APM peak | 64 |
| eAPM avg | 19.4 |
| Villagers / military | 175 / 153 |
Focus
⚔️ 34.4% · 🌾 65.6%
Knight ×145 · Battering Ram ×3 · Scout Cavalry ×3 · Monk ×2
Feudal
13:42
Castle
17:22
Imperial
33:42
| APM avg | 32.1 |
| APM peak | 84 |
| eAPM avg | 18.4 |
| Villagers / military | 218 / 31 |
Focus
⚔️ 20.4% · 🌾 79.6%
Mangudai ×16 · Battering Ram ×11 · Monk ×2 · Petard ×2
Feudal
14:52
Castle
19:21
Imperial
33:39
| APM avg | 36.1 |
| APM peak | 82 |
| eAPM avg | 24.4 |
| Villagers / military | 169 / 194 |
Focus
⚔️ 37.2% · 🌾 62.8%
Spearman ×150 · Militia ×38 · Trebuchet (Packed) ×6
Feudal
15:58
Castle
19:29
Imperial
32:13
| APM avg | 39.3 |
| APM peak | 79 |
| eAPM avg | 25.1 |
| Villagers / military | 166 / 233 |
Focus
⚔️ 23.3% · 🌾 76.7%
Huskarl ×224 · Trebuchet (Packed) ×7 · Monk ×1 · Battering Ram ×1
Match map
Initial resources + every placement click. Lines = walls · curves = elevation contours. ◆ gold · ⬟ stone · ● berries · ✦ relic · ◌ wall gap
Your base· ✓ Closed at 20:41 · 66t walls · no gate
Juyhou's base· Open — unwalled flank
gottagou's base· Open — unwalled flank
Pyrrhos's base· Open — unwalled flank
weski's base· ✓ Closed at 19:21 · 46t walls · no gate
Rattack's base· Open — unwalled flank
Smoothed initial terrain · ◌ = detected wall gap · hover for details
Inputs per minute
— ike - - Juyhou
Build order — ike
First 150 of 238 actions detected
| 0:29 | Build | Town Center |
| 2:42 | Build | House |
| 2:58 | Queue | Villager (Male) |
| 2:58 | Queue | Villager (Male) |
| 2:58 | Queue | Villager (Male) |
| 4:01 | Build | House |
| 4:31 | Queue | Villager (Male) |
| 4:43 | Queue | Villager (Male) |
| 5:20 | Build | House |
| 5:22 | Queue | Villager (Male) |
| 5:28 | Research | Loom |
| 5:39 | Queue | Villager (Male) |
| 5:52 | Build | Palisade Wall |
| 5:53 | Build | Palisade Wall |
| 5:56 | Build | Palisade Wall |
| 5:57 | Build | Palisade Wall |
| 5:59 | Build | Palisade Wall |
| 6:08 | Build | Palisade Wall |
| 6:10 | Build | Palisade Wall |
| 6:11 | Build | Palisade Wall |
| 6:16 | Queue | Villager (Male) |
| 6:28 | Queue | Villager (Male) |
| 6:49 | Queue | Villager (Male) |
| 7:45 | Queue | Villager (Male) |
| 8:25 | Build | House |
| 8:28 | Queue | Villager (Male) |
| 8:39 | Queue | Villager (Male) |
| 8:52 | Build | Mill |
| 8:56 | Queue | Villager (Male) |
| 9:06 | Build | House |
| 9:19 | Build | Mill |
| 9:22 | Queue | Villager (Male) |
| 9:22 | Queue | Villager (Male) |
| 9:49 | Queue | Villager (Male) |
| 10:18 | Queue | Villager (Male) |
| 10:49 | Build | Palisade Wall |
| 11:16 | Queue | Villager (Male) |
| 11:17 | Queue | Villager (Male) |
| 11:34 | Build | Palisade Wall |
| 11:41 | Queue | Villager (Male) |
| 11:41 | Queue | Villager (Male) |
| 11:54 | Build | Farm |
| 11:56 | Build | Farm |
| 12:00 | Build | Farm |
| 12:01 | Build | Farm |
| 12:17 | Build | Lumber Camp |
| 12:20 | Queue | Villager (Male) |
| 12:47 | Build | Palisade Wall |
| 12:57 | Queue | Villager (Male) |
| 13:15 | Build | Palisade Wall |
| 13:21 | Research | Feudal Age |
| 14:04 | Build | House |
| 14:32 | Build | Mill |
| 14:46 | Age | Feudal Age |
| 14:49 | Build | House |
| 14:55 | Queue | Villager (Male) |
| 14:55 | Queue | Villager (Male) |
| 15:01 | Research | Double-Bit Axe |
| 15:09 | Research | Horse Collar |
| 15:26 | Build | Stone Wall |
| 15:32 | Build | Stone Wall |
| 15:42 | Queue | Villager (Male) |
| 15:42 | Queue | Villager (Male) |
| 15:44 | Build | Farm |
| 15:46 | Build | Farm |
| 15:51 | Build | Farm |
| 15:53 | Build | Farm |
| 15:55 | Queue | Villager (Male) |
| 16:15 | Build | Mining Camp |
| 16:29 | Queue | Villager (Male) |
| 16:29 | Queue | Villager (Male) |
| 16:45 | Queue | Villager (Male) |
| 17:14 | Build | Stone Wall |
| 17:19 | Queue | Villager (Male) |
| 17:19 | Queue | Villager (Male) |
| 17:32 | Build | Market |
| 17:45 | Build | Stone Wall |
| 17:53 | Build | Stone Wall |
| 18:01 | Build | Stone Wall |
| 18:17 | Build | Blacksmith |
| 18:52 | Build | Farm |
| 18:56 | Research | Castle Age |
| 19:19 | Queue | Villager (Male) |
| 19:19 | Queue | Villager (Male) |
| 19:31 | Build | House |
| 19:33 | Build | House |
| 19:37 | Build | House |
| 19:38 | Build | House |
| 20:41 | Age | Castle Age |
| 20:49 | Build | Town Center |
| 21:14 | Build | Stone Wall |
| 21:26 | Build | Stone Wall |
| 21:37 | Build | Stone Wall |
| 21:41 | Queue | Villager (Male) |
| 21:42 | Queue | Villager (Male) |
| 21:42 | Queue | Villager (Male) |
| 21:42 | Queue | Villager (Male) |
| 21:42 | Queue | Villager (Male) |
| 22:12 | Build | Town Center |
| 22:20 | Queue | Villager (Male) |
| 22:20 | Queue | Villager (Male) |
| 22:21 | Queue | Villager (Male) |
| 22:28 | Queue | Villager (Male) |
| 22:29 | Queue | Villager (Male) |
| 22:29 | Queue | Villager (Male) |
| 22:29 | Queue | Villager (Male) |
| 22:39 | Build | Barracks |
| 22:43 | Queue | Villager (Male) |
| 22:43 | Queue | Villager (Male) |
| 22:48 | Queue | Villager (Male) |
| 22:53 | Build | Farm |
| 23:27 | Research | Fletching |
| 23:38 | Build | Archery Range |
| 23:52 | Queue | Villager (Male) |
| 23:52 | Queue | Villager (Male) |
| 23:57 | Queue | Villager (Male) |
| 24:01 | Queue | Villager (Male) |
| 24:01 | Queue | Villager (Male) |
| 24:01 | Queue | Villager (Male) |
| 24:02 | Queue | Villager (Male) |
| 24:03 | Research | Town Watch |
| 24:04 | Research | Wheelbarrow |
| 24:19 | Research | Stone Mining |
| 24:19 | Research | Gold Mining |
| 25:12 | Build | Town Center |
| 25:19 | Build | Farm |
| 25:23 | Queue | Villager (Male) |
| 25:24 | Queue | Villager (Male) |
| 25:32 | Queue | Villager (Male) |
| 25:32 | Queue | Villager (Male) |
| 25:47 | Queue | Villager (Male) |
| 25:47 | Queue | Villager (Male) |
| 25:48 | Queue | Villager (Male) |
| 25:56 | Build | Farm |
| 25:59 | Build | Farm |
| 26:19 | Build | Farm |
| 26:22 | Build | Farm |
| 26:23 | Build | Farm |
| 26:30 | Build | Mill |
| 26:32 | Build | Farm |
| 26:40 | Queue | Villager (Male) |
| 26:40 | Queue | Villager (Male) |
| 26:41 | Queue | Villager (Male) |
| 26:41 | Queue | Villager (Male) |
| 26:41 | Queue | Villager (Male) |
| 26:46 | Build | House |
| 26:47 | Build | House |
| 26:53 | Build | Farm |
| 27:06 | Build | Lumber Camp |
| 27:13 | Build | Farm |
Build order — Juyhou
First 150 of 666 actions detected
| 0:11 | Build | Town Center |
| 1:37 | Build | House |
| 2:24 | Queue | Villager (Male) ×2 |
| 2:24 | Queue | Villager (Male) ×2 |
| 3:08 | Queue | Villager (Male) |
| 3:45 | Queue | Villager (Male) |
| 3:45 | Queue | Villager (Male) |
| 4:02 | Build | House |
| 4:33 | Queue | Villager (Male) |
| 4:33 | Queue | Villager (Male) |
| 5:00 | Queue | Villager (Male) |
| 5:00 | Queue | Villager (Male) |
| 5:14 | Build | House |
| 5:15 | Queue | Villager (Male) |
| 5:15 | Queue | Villager (Male) |
| 5:41 | Queue | Villager (Male) |
| 5:42 | Queue | Villager (Male) |
| 6:17 | Queue | Villager (Male) |
| 6:27 | Queue | Villager (Male) |
| 6:38 | Queue | Villager (Male) |
| 6:38 | Queue | Villager (Male) |
| 6:48 | Queue | Villager (Male) |
| 6:51 | Queue | Villager (Male) |
| 6:51 | Queue | Villager (Male) |
| 7:07 | Queue | Villager (Male) |
| 7:08 | Queue | Villager (Male) |
| 7:08 | Queue | Villager (Male) |
| 7:22 | Queue | Villager (Male) |
| 7:22 | Queue | Villager (Male) |
| 7:30 | Queue | Villager (Male) |
| 7:40 | Build | Lumber Camp |
| 7:58 | Build | Mill |
| 8:11 | Build | House |
| 8:13 | Queue | Villager (Male) |
| 8:13 | Queue | Villager (Male) |
| 8:39 | Queue | Villager (Male) |
| 9:28 | Build | House |
| 9:55 | Queue | Villager (Male) |
| 9:55 | Queue | Villager (Male) |
| 10:04 | Build | House |
| 10:26 | Research | Feudal Age |
| 10:42 | Build | Mining Camp |
| 10:53 | Queue | Villager (Male) |
| 10:53 | Queue | Villager (Male) |
| 11:16 | Queue | Villager (Male) |
| 12:01 | Build | Mill |
| 12:14 | Queue | Villager (Male) |
| 12:15 | Research | Loom |
| 13:00 | Age | Feudal Age |
| 13:02 | Build | Market |
| 13:17 | Build | Blacksmith |
| 13:36 | Build | Stone Wall |
| 13:43 | Build | Stone Wall |
| 13:50 | Research | Castle Age |
| 13:50 | Research | Castle Age |
| 14:40 | Build | Stone Wall |
| 14:47 | Build | Palisade Gate |
| 14:51 | Build | Palisade Gate |
| 14:55 | Build | Palisade Gate |
| 15:12 | Build | Lumber Camp |
| 15:44 | Research | Double-Bit Axe |
| 15:49 | Build | Mill |
| 15:53 | Queue | Villager (Male) |
| 16:16 | Build | Palisade Gate |
| 16:19 | Build | Palisade Gate |
| 16:24 | Build | Barracks |
| 16:29 | Build | Palisade Wall |
| 16:30 | Age | Castle Age |
| 16:30 | Build | Palisade Wall |
| 16:35 | Queue | Villager (Male) |
| 16:42 | Build | Town Center |
| 16:51 | Build | Palisade Wall |
| 16:51 | Build | Palisade Wall |
| 16:52 | Build | Palisade Wall |
| 17:01 | Build | Palisade Wall |
| 17:10 | Queue | Villager (Male) |
| 17:18 | Queue | Villager (Male) |
| 17:27 | Research | Bow Saw |
| 17:28 | Research | Horse Collar |
| 17:29 | Queue | Villager (Male) |
| 17:51 | Queue | Villager (Male) |
| 17:51 | Queue | Villager (Male) |
| 18:12 | Build | Town Center |
| 18:25 | Queue | Villager (Male) |
| 18:33 | Build | Farm |
| 18:33 | Build | Farm |
| 18:36 | Queue | Villager (Male) |
| 18:36 | Queue | Villager (Male) |
| 18:38 | Build | Farm |
| 18:44 | Queue | Villager (Male) |
| 18:44 | Queue | Villager (Male) |
| 19:03 | Build | Gate |
| 19:08 | Build | Outpost |
| 19:09 | Queue | Villager (Male) |
| 19:09 | Queue | Villager (Male) |
| 19:11 | Build | Farm |
| 19:14 | Build | Farm |
| 19:30 | Queue | Villager (Male) |
| 19:31 | Queue | Villager (Male) |
| 19:32 | Queue | Villager (Male) |
| 19:32 | Queue | Villager (Male) |
| 19:48 | Queue | Villager (Male) |
| 19:48 | Queue | Villager (Male) |
| 19:56 | Queue | Villager (Male) |
| 19:56 | Queue | Villager (Male) |
| 20:00 | Build | Town Center |
| 20:05 | Queue | Villager (Male) |
| 20:05 | Queue | Villager (Male) |
| 20:11 | Build | Farm |
| 20:12 | Build | Farm |
| 20:24 | Queue | Villager (Male) |
| 20:24 | Queue | Villager (Male) |
| 20:31 | Queue | Villager (Male) |
| 20:43 | Queue | Villager (Male) |
| 20:48 | Build | House |
| 20:54 | Build | Farm |
| 20:55 | Build | Farm |
| 20:56 | Queue | Villager (Male) |
| 20:56 | Queue | Villager (Male) |
| 21:09 | Queue | Villager (Male) |
| 21:09 | Queue | Villager (Male) |
| 21:09 | Queue | Villager (Male) |
| 21:10 | Queue | Villager (Male) |
| 21:10 | Queue | Villager (Male) |
| 21:23 | Queue | Villager (Male) |
| 21:28 | Build | Outpost |
| 21:46 | Build | House |
| 21:48 | Research | Wheelbarrow |
| 21:49 | Queue | Villager (Male) |
| 21:49 | Queue | Villager (Male) |
| 21:51 | Queue | Villager (Male) |
| 21:51 | Queue | Villager (Male) |
| 22:03 | Build | Gate |
| 22:04 | Build | Stone Wall |
| 22:05 | Queue | Villager (Male) |
| 22:07 | Build | Monastery |
| 22:11 | Queue | Villager (Male) |
| 22:11 | Queue | Villager (Male) |
| 22:16 | Research | Heavy Plow |
| 22:17 | Queue | Villager (Male) |
| 22:17 | Queue | Villager (Male) |
| 22:18 | Queue | Villager (Male) |
| 22:24 | Build | Farm |
| 22:24 | Build | Farm |
| 22:28 | Build | Farm |
| 22:30 | Queue | Villager (Male) |
| 22:30 | Queue | Villager (Male) |
| 22:41 | Queue | Villager (Male) |
| 22:41 | Queue | Villager (Male) |
| 22:45 | Build | Outpost |
Build order — gottagou
First 150 of 451 actions detected
| 0:22 | Build | Town Center |
| 2:08 | Queue | Villager (Male) |
| 2:08 | Queue | Villager (Male) |
| 2:08 | Queue | Villager (Male) |
| 2:54 | Queue | Villager (Male) |
| 3:32 | Queue | Villager (Male) |
| 3:45 | Queue | Villager (Male) |
| 4:12 | Build | Mill |
| 4:36 | Queue | Villager (Male) |
| 4:50 | Queue | Villager (Male) |
| 5:26 | Queue | Villager (Male) |
| 5:58 | Queue | Villager (Male) |
| 5:58 | Queue | Villager (Male) |
| 6:14 | Build | Mill |
| 6:33 | Queue | Villager (Male) |
| 6:38 | Queue | Villager (Male) |
| 7:17 | Queue | Villager (Male) |
| 7:17 | Queue | Villager (Male) |
| 8:07 | Queue | Villager (Male) |
| 8:19 | Queue | Villager (Male) |
| 8:20 | Queue | Villager (Male) |
| 8:31 | Build | Mining Camp |
| 8:40 | Queue | Villager (Male) |
| 8:40 | Queue | Villager (Male) |
| 8:55 | Queue | Villager (Male) |
| 8:57 | Queue | Villager (Male) |
| 8:59 | Queue | Villager (Male) |
| 9:07 | Queue | Villager (Male) |
| 9:32 | Queue | Villager (Male) |
| 9:54 | Queue | Villager (Male) |
| 10:05 | Queue | Villager (Male) |
| 10:24 | Queue | Villager (Male) |
| 10:59 | Research | Feudal Age |
| 11:00 | Research | Loom |
| 11:12 | Build | Mill |
| 12:02 | Build | Mill |
| 13:01 | Queue | Villager (Male) |
| 13:12 | Age | Feudal Age |
| 13:15 | Build | Market |
| 13:17 | Build | Blacksmith |
| 13:28 | Build | Mill |
| 14:16 | Research | Castle Age |
| 14:53 | Build | Lumber Camp |
| 15:17 | Research | Double-Bit Axe |
| 15:19 | Queue | Villager (Male) |
| 16:56 | Age | Castle Age |
| 16:57 | Queue | Villager (Male) |
| 16:57 | Queue | Villager (Male) |
| 17:02 | Build | Town Center |
| 17:09 | Build | Town Center |
| 17:44 | Research | Bow Saw |
| 17:45 | Research | Horse Collar |
| 18:23 | Queue | Villager (Male) |
| 18:24 | Queue | Villager (Male) |
| 18:24 | Queue | Villager (Male) |
| 18:24 | Queue | Villager (Male) |
| 18:24 | Queue | Villager (Male) |
| 18:25 | Queue | Villager (Male) |
| 18:25 | Queue | Villager (Male) |
| 18:38 | Research | Heavy Plow |
| 18:39 | Queue | Villager (Male) |
| 18:41 | Queue | Villager (Male) |
| 18:52 | Build | Farm |
| 18:54 | Build | Farm |
| 18:56 | Build | Farm |
| 19:10 | Build | Farm |
| 19:11 | Queue | Villager (Male) |
| 19:14 | Queue | Villager (Male) |
| 19:25 | Build | Farm |
| 19:28 | Build | Farm |
| 19:32 | Build | Farm |
| 19:38 | Build | Farm |
| 19:42 | Build | Farm |
| 19:45 | Build | Farm |
| 19:47 | Queue | Villager (Male) |
| 19:47 | Queue | Villager (Male) |
| 19:54 | Build | Farm |
| 19:56 | Build | Farm |
| 20:02 | Build | Mining Camp |
| 20:04 | Queue | Villager (Male) |
| 20:16 | Queue | Villager (Male) |
| 20:16 | Queue | Villager (Male) |
| 20:17 | Queue | Villager (Male) |
| 20:22 | Build | Farm |
| 20:24 | Build | Farm |
| 20:28 | Build | Farm |
| 20:29 | Queue | Villager (Male) |
| 20:34 | Build | Farm |
| 20:37 | Queue | Villager (Male) |
| 20:54 | Queue | Villager (Male) |
| 20:54 | Queue | Villager (Male) |
| 20:57 | Build | Farm |
| 21:00 | Build | Farm |
| 21:01 | Queue | Villager (Male) |
| 21:17 | Build | Farm |
| 21:18 | Build | Farm |
| 21:23 | Build | Farm |
| 21:24 | Queue | Villager (Male) |
| 21:24 | Queue | Villager (Male) |
| 21:27 | Build | Farm |
| 21:28 | Queue | Villager (Male) |
| 21:33 | Build | Farm |
| 21:34 | Queue | Villager (Male) |
| 21:38 | Build | Farm |
| 21:41 | Build | Farm |
| 21:42 | Queue | Villager (Male) |
| 21:47 | Queue | Villager (Male) |
| 21:52 | Build | Farm |
| 22:00 | Queue | Villager (Male) |
| 22:00 | Queue | Villager (Male) |
| 22:07 | Build | Farm |
| 22:10 | Build | Farm |
| 22:11 | Queue | Villager (Male) |
| 22:15 | Build | Farm |
| 22:16 | Queue | Villager (Male) |
| 22:16 | Queue | Villager (Male) |
| 22:17 | Queue | Villager (Male) |
| 22:29 | Queue | Villager (Male) |
| 22:29 | Queue | Villager (Male) |
| 22:36 | Queue | Villager (Male) |
| 22:40 | Build | Farm |
| 22:45 | Queue | Villager (Male) |
| 22:47 | Queue | Villager (Male) |
| 22:50 | Queue | Villager (Male) |
| 22:56 | Build | Monastery |
| 22:58 | Queue | Villager (Male) |
| 23:22 | Queue | Villager (Male) |
| 23:23 | Queue | Villager (Male) |
| 23:23 | Queue | Villager (Male) |
| 23:23 | Queue | Villager (Male) |
| 23:35 | Build | Town Center |
| 23:42 | Queue | Villager (Male) |
| 23:42 | Queue | Villager (Male) |
| 23:48 | Research | Wheelbarrow |
| 23:49 | Queue | Villager (Male) |
| 23:53 | Queue | Monk |
| 23:58 | Build | Farm |
| 23:58 | Build | Farm |
| 23:58 | Build | Farm |
| 24:01 | Queue | Villager (Male) |
| 24:01 | Queue | Villager (Male) |
| 24:04 | Build | Barracks |
| 24:06 | Queue | Villager (Male) |
| 24:10 | Build | Farm |
| 24:11 | Queue | Villager (Male) |
| 24:15 | Queue | Villager (Male) |
| 24:43 | Queue | Villager (Male) |
| 24:46 | Queue | Villager (Male) |
| 24:56 | Queue | Villager (Male) |
| 25:00 | Build | Town Center |
Build order — Pyrrhos
First 150 of 438 actions detected
| 0:20 | Build | Town Center |
| 1:03 | Build | House |
| 2:15 | Build | Palisade Wall |
| 2:19 | Build | Palisade Wall |
| 2:41 | Queue | Villager (Male) |
| 2:41 | Queue | Villager (Male) |
| 2:41 | Queue | Villager (Male) |
| 3:19 | Queue | Villager (Male) |
| 3:41 | Build | Mill |
| 3:48 | Queue | Villager (Male) |
| 4:34 | Build | House |
| 4:52 | Queue | Villager (Male) |
| 5:04 | Queue | Villager (Male) |
| 5:05 | Queue | Villager (Male) |
| 5:37 | Queue | Villager (Male) |
| 5:49 | Build | House |
| 6:05 | Queue | Villager (Male) |
| 6:05 | Queue | Villager (Male) |
| 6:05 | Queue | Villager (Male) |
| 6:13 | Queue | Villager (Male) |
| 6:52 | Queue | Villager (Male) |
| 7:06 | Build | Mill |
| 7:09 | Queue | Villager (Male) |
| 7:15 | Queue | Villager (Male) |
| 7:27 | Queue | Villager (Male) |
| 7:55 | Queue | Villager (Male) |
| 7:57 | Queue | Villager (Male) |
| 8:04 | Queue | Villager (Male) |
| 8:17 | Build | House |
| 8:18 | Build | House |
| 8:31 | Queue | Villager (Male) |
| 8:37 | Queue | Villager (Male) |
| 8:42 | Queue | Villager (Male) |
| 8:54 | Queue | Villager (Male) |
| 9:00 | Queue | Villager (Male) |
| 9:03 | Build | Palisade Wall |
| 9:05 | Queue | Villager (Male) |
| 9:11 | Queue | Villager (Male) |
| 9:31 | Build | Mining Camp |
| 9:43 | Queue | Villager (Male) |
| 10:11 | Queue | Villager (Male) |
| 10:32 | Build | Mill |
| 10:37 | Build | Mill |
| 10:45 | Queue | Villager (Male) |
| 11:05 | Queue | Villager (Male) |
| 11:06 | Research | Feudal Age |
| 11:28 | Build | Mining Camp |
| 11:41 | Research | Loom |
| 11:41 | Queue | Villager (Male) |
| 13:12 | Build | Mill |
| 13:42 | Age | Feudal Age |
| 13:48 | Build | Market |
| 13:52 | Build | Blacksmith |
| 14:35 | Build | Mill |
| 14:42 | Research | Castle Age |
| 15:31 | Build | Lumber Camp |
| 16:02 | Queue | Villager (Male) |
| 16:02 | Queue | Villager (Male) |
| 16:03 | Research | Double-Bit Axe |
| 17:22 | Age | Castle Age |
| 17:33 | Build | Town Center |
| 17:35 | Queue | Villager (Male) |
| 17:55 | Research | Horse Collar |
| 18:09 | Queue | Villager (Male) |
| 18:27 | Queue | Villager (Male) |
| 18:30 | Build | House |
| 18:39 | Queue | Villager (Male) |
| 18:44 | Research | Heavy Plow |
| 18:51 | Queue | Villager (Male) |
| 19:15 | Build | Farm |
| 19:18 | Build | Farm |
| 19:20 | Build | Farm |
| 19:21 | Queue | Villager (Male) |
| 19:24 | Build | Outpost |
| 19:26 | Queue | Villager (Male) |
| 19:29 | Queue | Villager (Male) |
| 19:38 | Queue | Villager (Male) |
| 19:44 | Build | Farm |
| 19:47 | Build | Farm |
| 19:48 | Queue | Villager (Male) |
| 20:02 | Queue | Villager (Male) |
| 20:10 | Build | Castle |
| 20:11 | Queue | Villager (Male) |
| 20:14 | Queue | Villager (Male) |
| 20:38 | Queue | Villager (Male) |
| 20:55 | Queue | Villager (Male) |
| 21:05 | Build | Outpost |
| 21:06 | Build | Outpost |
| 21:07 | Build | Outpost |
| 21:08 | Build | Outpost |
| 21:10 | Queue | Villager (Male) |
| 21:12 | Queue | Villager (Male) |
| 21:16 | Build | Monastery |
| 21:19 | Queue | Villager (Male) |
| 21:30 | Build | Lumber Camp |
| 21:38 | Build | Outpost |
| 21:39 | Queue | Villager (Male) |
| 21:53 | Queue | Villager (Male) |
| 22:04 | Queue | Mangudai |
| 22:09 | Queue | Monk |
| 22:16 | Queue | Villager (Male) |
| 22:17 | Queue | Villager (Male) |
| 22:20 | Queue | Villager (Male) |
| 22:25 | Queue | Mangudai |
| 22:35 | Build | Outpost |
| 22:41 | Research | Town Watch |
| 22:42 | Queue | Villager (Male) |
| 22:50 | Build | Town Center |
| 22:55 | Queue | Villager (Male) |
| 22:58 | Queue | Villager (Male) |
| 23:01 | Queue | Mangudai |
| 23:05 | Research | Fletching |
| 23:13 | Build | Outpost |
| 23:18 | Queue | Villager (Male) |
| 23:31 | Build | Outpost |
| 23:38 | Queue | Villager (Male) |
| 23:42 | Queue | Villager (Male) |
| 23:46 | Build | Farm |
| 23:54 | Queue | Villager (Male) |
| 23:55 | Queue | Villager (Male) |
| 23:59 | Queue | Mangudai |
| 24:06 | Build | Outpost |
| 24:10 | Build | Farm |
| 24:12 | Build | Farm |
| 24:14 | Build | Farm |
| 24:16 | Build | Farm |
| 24:19 | Build | Farm |
| 24:25 | Queue | Villager (Male) |
| 24:26 | Queue | Villager (Male) |
| 24:28 | Build | Farm |
| 24:30 | Build | Farm |
| 24:31 | Queue | Villager (Male) |
| 24:34 | Queue | Villager (Male) |
| 24:47 | Build | House |
| 24:48 | Queue | Villager (Male) |
| 24:56 | Build | Outpost |
| 24:58 | Queue | Villager (Male) |
| 25:00 | Build | Farm |
| 25:00 | Build | Farm |
| 25:00 | Build | Farm |
| 25:01 | Build | Farm |
| 25:05 | Queue | Villager (Male) |
| 25:16 | Queue | Villager (Male) |
| 25:32 | Build | House |
| 25:33 | Build | House |
| 25:33 | Build | House |
| 25:33 | Build | House |
| 25:33 | Build | House |
| 25:34 | Queue | Villager (Male) |
| 25:37 | Queue | Villager (Male) |
Build order — weski
First 150 of 554 actions detected
| 0:21 | Build | Town Center |
| 2:40 | Queue | Villager (Male) |
| 2:40 | Queue | Villager (Male) |
| 2:41 | Queue | Villager (Male) |
| 2:49 | Build | House |
| 3:12 | Research | Loom |
| 3:12 | Queue | Villager (Male) |
| 3:13 | Queue | Villager (Male) |
| 3:13 | Queue | Villager (Male) |
| 3:38 | Build | House |
| 4:41 | Queue | Villager (Male) |
| 5:01 | Queue | Villager (Male) |
| 5:26 | Queue | Villager (Male) |
| 5:45 | Queue | Villager (Male) |
| 6:29 | Queue | Villager (Male) |
| 7:17 | Queue | Villager (Male) |
| 7:25 | Build | Mill |
| 7:28 | Queue | Villager (Male) |
| 7:53 | Build | House |
| 8:06 | Queue | Villager (Male) |
| 8:08 | Queue | Villager (Male) |
| 8:15 | Build | House |
| 8:16 | Build | House |
| 8:22 | Queue | Villager (Male) |
| 8:42 | Queue | Villager (Male) |
| 9:08 | Queue | Villager (Male) |
| 9:09 | Queue | Villager (Male) |
| 9:38 | Queue | Villager (Male) |
| 9:38 | Queue | Villager (Male) |
| 9:38 | Queue | Villager (Male) |
| 9:39 | Queue | Villager (Male) |
| 9:48 | Build | Mill |
| 9:58 | Queue | Villager (Male) |
| 10:10 | Build | Palisade Wall |
| 10:17 | Build | Palisade Wall |
| 10:44 | Queue | Villager (Male) |
| 10:45 | Queue | Villager (Male) |
| 10:58 | Queue | Villager (Male) |
| 11:00 | Queue | Villager (Male) |
| 11:16 | Build | Palisade Wall |
| 11:18 | Queue | Villager (Male) |
| 11:19 | Queue | Villager (Male) |
| 11:27 | Queue | Villager (Male) |
| 11:34 | Queue | Villager (Male) |
| 11:58 | Build | Lumber Camp |
| 11:59 | Queue | Villager (Male) |
| 12:07 | Queue | Villager (Male) |
| 12:15 | Queue | Villager (Male) |
| 12:31 | Build | Mining Camp |
| 12:38 | Research | Feudal Age |
| 12:38 | Research | Feudal Age |
| 13:12 | Queue | Villager (Male) |
| 13:13 | Queue | Villager (Male) |
| 13:48 | Build | Mining Camp |
| 13:57 | Queue | Villager (Male) |
| 14:10 | Queue | Villager (Male) |
| 14:52 | Age | Feudal Age |
| 14:56 | Build | Stone Wall |
| 14:58 | Build | Stone Wall |
| 15:12 | Build | Market |
| 15:17 | Build | Blacksmith |
| 15:21 | Queue | Villager (Male) |
| 15:36 | Build | House |
| 15:38 | Build | House |
| 16:11 | Queue | Villager (Male) |
| 16:41 | Research | Castle Age |
| 16:41 | Research | Castle Age |
| 17:40 | Queue | Villager (Male) |
| 17:40 | Queue | Villager (Male) |
| 17:51 | Research | Double-Bit Axe |
| 18:01 | Queue | Villager (Male) |
| 18:08 | Build | Mill |
| 18:24 | Build | Mill |
| 18:38 | Queue | Villager (Male) |
| 19:21 | Age | Castle Age |
| 19:25 | Build | Town Center |
| 19:35 | Build | Town Center |
| 19:51 | Build | Town Center |
| 19:59 | Queue | Villager (Male) |
| 20:03 | Build | Farm |
| 20:13 | Queue | Villager (Male) |
| 20:15 | Queue | Villager (Male) |
| 20:36 | Build | Stone Wall |
| 20:38 | Build | Stone Wall |
| 20:57 | Build | Stone Wall |
| 21:02 | Build | Stone Wall |
| 21:18 | Build | Stone Wall |
| 21:24 | Build | Stone Wall |
| 21:27 | Queue | Villager (Male) |
| 21:27 | Queue | Villager (Male) |
| 21:28 | Queue | Villager (Male) |
| 21:28 | Queue | Villager (Male) |
| 21:28 | Queue | Villager (Male) |
| 21:31 | Build | Farm |
| 21:32 | Build | Farm |
| 21:35 | Queue | Villager (Male) |
| 21:39 | Queue | Villager (Male) |
| 21:58 | Queue | Villager (Male) |
| 22:00 | Queue | Villager (Male) |
| 22:03 | Queue | Villager (Male) |
| 22:15 | Queue | Villager (Male) |
| 22:20 | Queue | Villager (Male) |
| 22:42 | Queue | Villager (Male) |
| 23:15 | Queue | Villager (Male) |
| 23:17 | Build | Farm |
| 23:32 | Build | Castle |
| 23:33 | Queue | Villager (Male) |
| 23:56 | Build | Stone Wall |
| 23:57 | Queue | Villager (Male) |
| 23:57 | Queue | Villager (Male) |
| 23:57 | Queue | Villager (Male) |
| 24:00 | Queue | Villager (Male) |
| 24:04 | Build | Farm |
| 24:04 | Build | Farm |
| 24:08 | Build | Farm |
| 24:11 | Build | Farm |
| 24:17 | Build | Farm |
| 24:29 | Queue | Villager (Male) |
| 24:37 | Queue | Villager (Male) |
| 24:37 | Queue | Villager (Male) |
| 24:42 | Build | House |
| 24:43 | Build | House |
| 24:43 | Build | House |
| 24:51 | Queue | Villager (Male) |
| 24:53 | Build | Farm |
| 24:55 | Build | Farm |
| 24:59 | Build | Farm |
| 25:03 | Queue | Villager (Male) |
| 25:08 | Build | Farm |
| 25:12 | Queue | Villager (Male) |
| 25:15 | Queue | Villager (Male) |
| 25:15 | Queue | Villager (Male) |
| 25:15 | Queue | Villager (Male) |
| 25:18 | Queue | Villager (Male) |
| 25:18 | Queue | Villager (Male) |
| 25:19 | Queue | Villager (Male) |
| 25:22 | Build | Outpost |
| 25:25 | Queue | Villager (Male) |
| 25:25 | Queue | Villager (Male) |
| 25:28 | Build | Farm |
| 25:34 | Queue | Villager (Male) |
| 25:41 | Build | Farm |
| 25:45 | Queue | Villager (Male) |
| 25:57 | Queue | Villager (Male) |
| 25:58 | Queue | Villager (Male) |
| 26:09 | Build | Farm |
| 26:11 | Build | Farm |
| 26:12 | Queue | Villager (Male) |
| 26:12 | Queue | Villager (Male) |
| 26:15 | Build | Farm |
Build order — Rattack
First 150 of 454 actions detected
| 0:27 | Build | Town Center |
| 2:02 | Build | House |
| 2:41 | Queue | Villager (Male) |
| 2:41 | Queue | Villager (Male) |
| 2:42 | Queue | Villager (Male) |
| 3:57 | Queue | Villager (Male) |
| 4:30 | Queue | Villager (Male) |
| 4:54 | Build | House |
| 5:13 | Queue | Villager (Male) |
| 5:50 | Queue | Villager (Male) |
| 6:29 | Research | Loom |
| 6:35 | Queue | Villager (Male) |
| 6:36 | Queue | Villager (Male) |
| 7:02 | Queue | Villager (Male) |
| 7:26 | Build | House |
| 7:30 | Build | House |
| 7:32 | Queue | Villager (Male) |
| 7:34 | Queue | Villager (Male) |
| 8:01 | Queue | Villager (Male) |
| 8:11 | Build | Mill |
| 8:48 | Queue | Villager (Male) |
| 8:48 | Queue | Villager (Male) |
| 9:14 | Queue | Villager (Male) |
| 9:40 | Queue | Villager (Male) |
| 10:08 | Build | House |
| 10:22 | Build | Mill |
| 10:27 | Queue | Villager (Male) |
| 10:43 | Queue | Villager (Male) |
| 10:48 | Queue | Villager (Male) |
| 10:57 | Queue | Villager (Male) |
| 11:00 | Queue | Villager (Male) |
| 11:05 | Build | Mill |
| 11:14 | Build | House |
| 11:19 | Queue | Villager (Male) |
| 11:21 | Build | House |
| 12:10 | Queue | Villager (Male) |
| 12:31 | Queue | Villager (Male) |
| 13:09 | Build | Lumber Camp |
| 13:31 | Research | Feudal Age |
| 14:03 | Build | Mining Camp |
| 14:32 | Queue | Villager (Male) |
| 14:32 | Queue | Villager (Male) |
| 15:58 | Age | Feudal Age |
| 16:00 | Build | Market |
| 16:02 | Build | Blacksmith |
| 16:42 | Research | Double-Bit Axe |
| 16:49 | Research | Castle Age |
| 17:00 | Build | Lumber Camp |
| 17:59 | Research | Horse Collar |
| 18:01 | Research | Gold Mining |
| 18:51 | Build | Farm |
| 18:52 | Build | Farm |
| 18:55 | Queue | Villager (Male) |
| 19:03 | Queue | Villager (Male) |
| 19:17 | Queue | Villager (Male) |
| 19:28 | Queue | Villager (Male) |
| 19:29 | Age | Castle Age |
| 19:32 | Build | Town Center |
| 19:47 | Build | Town Center |
| 19:51 | Build | Town Center |
| 20:09 | Build | Monastery |
| 20:17 | Queue | Villager (Male) |
| 20:28 | Build | Farm |
| 20:53 | Queue | Villager (Male) |
| 20:53 | Queue | Monk |
| 21:24 | Build | House |
| 21:25 | Build | House |
| 21:26 | Build | House |
| 21:26 | Build | House |
| 21:26 | Build | House |
| 21:27 | Queue | Villager (Male) |
| 21:28 | Queue | Villager (Male) |
| 21:29 | Queue | Villager (Male) |
| 21:29 | Queue | Villager (Male) |
| 21:30 | Queue | Villager (Male) |
| 21:41 | Build | Farm |
| 21:41 | Build | Farm |
| 21:41 | Build | Farm |
| 21:41 | Build | Farm |
| 21:43 | Queue | Villager (Male) |
| 22:20 | Queue | Villager (Male) |
| 22:20 | Queue | Villager (Male) |
| 22:20 | Queue | Villager (Male) |
| 22:23 | Build | Farm |
| 22:23 | Build | Farm |
| 22:27 | Queue | Villager (Male) |
| 22:32 | Build | Farm |
| 22:32 | Build | Farm |
| 22:33 | Build | Farm |
| 22:33 | Build | Farm |
| 22:35 | Queue | Villager (Male) |
| 22:54 | Build | Farm |
| 22:56 | Build | House |
| 22:59 | Queue | Villager (Male) |
| 23:00 | Queue | Villager (Male) |
| 23:00 | Queue | Villager (Male) |
| 23:03 | Queue | Villager (Male) |
| 23:03 | Queue | Villager (Male) |
| 23:03 | Queue | Villager (Male) |
| 23:04 | Queue | Villager (Male) |
| 23:06 | Build | Farm |
| 23:08 | Queue | Villager (Male) |
| 23:22 | Queue | Villager (Male) |
| 23:25 | Queue | Villager (Male) |
| 23:25 | Queue | Villager (Male) |
| 23:29 | Build | Farm |
| 23:31 | Queue | Villager (Male) |
| 23:35 | Build | Farm |
| 23:41 | Build | Farm |
| 23:52 | Build | Farm |
| 23:53 | Queue | Villager (Male) |
| 23:54 | Queue | Villager (Male) |
| 23:54 | Queue | Villager (Male) |
| 23:54 | Queue | Villager (Male) |
| 24:03 | Build | Farm |
| 24:08 | Queue | Villager (Male) |
| 24:09 | Queue | Villager (Male) |
| 24:11 | Build | House |
| 24:12 | Queue | Villager (Male) |
| 24:17 | Queue | Villager (Male) |
| 24:22 | Queue | Villager (Male) |
| 24:23 | Queue | Villager (Male) |
| 24:28 | Queue | Villager (Male) |
| 24:32 | Queue | Villager (Male) |
| 24:37 | Build | Farm |
| 24:42 | Build | Lumber Camp |
| 24:44 | Queue | Villager (Male) |
| 24:44 | Queue | Villager (Male) |
| 24:48 | Build | House |
| 24:49 | Build | House |
| 24:55 | Queue | Villager (Male) |
| 24:55 | Queue | Villager (Male) |
| 24:57 | Queue | Villager (Male) |
| 25:04 | Build | Farm |
| 25:08 | Queue | Villager (Male) |
| 25:08 | Queue | Villager (Male) |
| 25:19 | Queue | Villager (Male) |
| 25:20 | Queue | Villager (Male) |
| 25:22 | Build | Farm |
| 25:23 | Build | Farm |
| 25:23 | Build | Farm |
| 25:23 | Build | Farm |
| 25:24 | Build | Farm |
| 25:24 | Build | Farm |
| 25:24 | Build | Farm |
| 25:25 | Build | Farm |
| 25:25 | Build | Farm |
| 25:25 | Build | Farm |
| 25:25 | Build | Farm |
| 25:26 | Build | Farm |
Match timeline
| 2:15 | Pyrrhos · wall_segment Palisade Wall x1 |
| 2:19 | Pyrrhos · wall_segment Palisade Wall x1 |
| 5:52 | ike · wall_segment Palisade Wall x3 |
| 5:53 | ike · wall_segment Palisade Wall x2 |
| 5:56 | ike · wall_segment Palisade Wall x2 |
| 5:57 | ike · wall_segment Palisade Wall x2 |
| 5:59 | ike · wall_segment Palisade Wall x2 |
| 6:08 | ike · wall_segment Palisade Wall x4 |
| 6:10 | ike · wall_segment Palisade Wall x2 |
| 6:11 | ike · wall_segment Palisade Wall x1 |
| 9:03 | Pyrrhos · wall_segment Palisade Wall x1 |
| 10:10 | weski · wall_segment Palisade Wall x15 |
| 10:17 | weski · wall_segment Palisade Wall x8 |
| 10:49 | ike · wall_segment Palisade Wall x5 |
| 11:16 | weski · wall_segment Palisade Wall x9 |
| 11:34 | ike · wall_segment Palisade Wall x5 |
| 12:47 | ike · wall_segment Palisade Wall x9 |
| 13:00 | Juyhou · age_up feudal |
| 13:12 | gottagou · age_up feudal |
| 13:15 | ike · wall_segment Palisade Wall x2 |
| 13:36 | Juyhou · wall_segment Stone Wall x7 |
| 13:42 | Pyrrhos · age_up feudal |
| 13:43 | Juyhou · wall_segment Stone Wall x12 |
| 14:40 | Juyhou · wall_segment Stone Wall x15 |
| 14:46 | ike · age_up feudal |
| 14:52 | weski · age_up feudal |
| 14:56 | weski · wall_segment Stone Wall x5 |
| 14:58 | weski · wall_segment Stone Wall x11 |
| 15:26 | ike · wall_segment Stone Wall x10 |
| 15:32 | ike · wall_segment Stone Wall x1 |
| 15:58 | Rattack · age_up feudal |
| 16:24 | Juyhou · first_building Barracks |
| 16:29 | Juyhou · wall_segment Palisade Wall x1 |
| 16:30 | Juyhou · age_up castle |
| 16:30 | Juyhou · wall_segment Palisade Wall x1 |
| 16:51 | Juyhou · wall_segment Palisade Wall x1 |
| 16:51 | Juyhou · wall_segment Palisade Wall x1 |
| 16:52 | Juyhou · wall_segment Palisade Wall x1 |
| 16:56 | gottagou · age_up castle |
| 17:01 | Juyhou · wall_segment Palisade Wall x1 |
| 17:14 | ike · wall_segment Stone Wall x11 |
| 17:22 | Pyrrhos · age_up castle |
| 17:26 | Juyhou · first_market_buy 100 food |
| 17:45 | ike · wall_segment Stone Wall x3 |
| 17:53 | ike · wall_segment Stone Wall x4 |
| 18:01 | ike · wall_segment Stone Wall x1 |
| 19:21 | weski · age_up castle |
| 19:29 | Rattack · age_up castle |
| 19:54 | Juyhou · first_market_sell 100 wood |
| 20:01 | Rattack · first_market_buy 100 wood |
| 20:09 | Rattack · first_building Monastery |
| 20:10 | Pyrrhos · first_building Castle |
| 20:15 | gottagou · first_market_buy 100 food |
| 20:36 | weski · wall_segment Stone Wall x5 |
| 20:38 | weski · wall_segment Stone Wall x12 |
| 20:41 | ike · age_up castle |
| 20:42 | Pyrrhos · first_market_buy 100 wood |
| 20:57 | weski · wall_segment Stone Wall x8 |
| 21:02 | weski · wall_segment Stone Wall x12 |
| 21:14 | ike · wall_segment Stone Wall x5 |
| 21:16 | Pyrrhos · first_building Monastery |
| 21:18 | weski · wall_segment Stone Wall x1 |
| 21:24 | weski · wall_segment Stone Wall x1 |
| 21:26 | ike · wall_segment Stone Wall x3 |
| 21:37 | ike · wall_segment Stone Wall x4 |
| 22:04 | ike · first_market_buy 100 stone |
| 22:04 | Juyhou · wall_segment Stone Wall x6 |
| 22:07 | Juyhou · first_building Monastery |
| 22:36 | weski · first_market_buy 100 stone |
| 22:39 | weski · first_market_sell 500 wood |
| 22:39 | ike · first_building Barracks |
| 22:56 | gottagou · first_building Monastery |
| 23:32 | weski · first_building Castle |
| 23:38 | ike · first_building Archery Range |
| 23:56 | weski · wall_segment Stone Wall x18 |
| 24:04 | gottagou · first_building Barracks |
| 24:15 | Juyhou · wall_segment Stone Wall x3 |
| 24:23 | Juyhou · wall_segment Stone Wall x7 |
| 25:31 | gottagou · first_building Stable |
| 26:50 | Juyhou · first_building Castle |
| 27:34 | Juyhou · wall_segment Stone Wall x1 |
| 27:40 | gottagou · first_market_sell 100 food |
| 27:55 | ike · first_building Castle |
| 28:18 | Rattack · first_building Siege Workshop |
| 29:28 | weski · wall_segment Stone Wall x10 |
| 30:14 | Juyhou · first_building Siege Workshop |
| 30:24 | Rattack · first_building Barracks |
| 30:27 | Pyrrhos · first_market_sell 100 wood |
| 30:40 | Rattack · first_building Castle |
| 30:41 | weski · first_building Barracks |
| 30:56 | ike · first_market_sell 500 stone |
| 31:12 | gottagou · age_up imperial |
| 31:30 | Pyrrhos · wall_segment Stone Wall x72 |
| 31:33 | Juyhou · age_up imperial |
| 32:13 | Rattack · age_up imperial |
| 32:23 | ike · wall_segment Stone Wall x1 |
| 33:12 | ike · age_up imperial |
| 33:20 | Pyrrhos · first_building Barracks |
| 33:39 | weski · age_up imperial |
| 33:42 | Pyrrhos · age_up imperial |
| 33:51 | Rattack · first_market_sell 100 food |
| 34:06 | Juyhou · wall_segment Stone Wall x1 |
| 34:07 | Juyhou · wall_segment Stone Wall x1 |
| 34:08 | Juyhou · wall_segment Stone Wall x1 |
| 34:54 | Pyrrhos · first_building Stable |
| 35:05 | gottagou · first_building Siege Workshop |
| 36:36 | Juyhou · wall_segment Stone Wall x1 |
| 36:49 | gottagou · first_building Castle |
| 36:51 | Juyhou · wall_segment Stone Wall x1 |
| 36:52 | Juyhou · wall_segment Stone Wall x1 |
| 36:53 | Juyhou · wall_segment Stone Wall x1 |
| 36:54 | Juyhou · wall_segment Stone Wall x1 |
| 36:55 | Pyrrhos · first_building Archery Range |
| 36:55 | Juyhou · wall_segment Stone Wall x1 |
| 37:02 | Juyhou · wall_segment Stone Wall x1 |
| 37:03 | Juyhou · wall_segment Stone Wall x1 |
| 37:05 | Juyhou · wall_segment Stone Wall x1 |
| 37:07 | Juyhou · wall_segment Stone Wall x1 |
| 37:49 | Pyrrhos · first_building Siege Workshop |
| 38:12 | Juyhou · wall_segment Stone Wall x1 |
| 38:19 | Juyhou · wall_segment Stone Wall x1 |
| 38:20 | Juyhou · wall_segment Stone Wall x1 |
| 38:34 | Juyhou · wall_segment Stone Wall x1 |
| 38:37 | Juyhou · wall_segment Stone Wall x1 |
| 38:37 | Juyhou · wall_segment Stone Wall x1 |
| 38:39 | Juyhou · wall_segment Stone Wall x1 |
| 39:41 | Juyhou · wall_segment Stone Wall x7 |
| 40:33 | weski · wall_segment Stone Wall x8 |
| 40:43 | Juyhou · wall_segment Stone Wall x4 |
| 41:13 | Juyhou · wall_segment Stone Wall x1 |
| 41:50 | Juyhou · wall_segment Stone Wall x1 |
| 42:25 | Juyhou · wall_segment Stone Wall x1 |
| 42:32 | weski · wall_segment Stone Wall x5 |
| 43:13 | Pyrrhos · wall_segment Stone Wall x41 |
| 43:15 | Juyhou · wall_segment Stone Wall x1 |
| 43:16 | Juyhou · wall_segment Stone Wall x1 |
| 43:17 | Juyhou · wall_segment Stone Wall x1 |
| 43:18 | Juyhou · wall_segment Stone Wall x1 |
| 43:19 | Juyhou · wall_segment Stone Wall x1 |
| 43:20 | Juyhou · wall_segment Stone Wall x1 |
| 43:25 | ike · resign |
[ AI ANALYSIS · 1 CREDIT ]
What really happened in this match?
Wolo.gg analyzes every decision: build order, eco, micro, common mistakes by bracket. Personalized analysis on WhatsApp or Discord in 30 seconds.
Civ guide
Malay
Perfil
Jugador #17319075